[Event "Titled Tuesday Blitz May 9 Early 2023"]
[White "Pranav, V"]
[Black "Perez Ponsa, Federico"]
[WhiteFideId "25060783"]
[BlackFideId "117927"]
[WhiteElo "2515"]
[BlackElo "2590"]
[Result "0-1"]
[Round "04"]
[TimeControl "180+2"]
[Date "2023.05.09"]
[WhiteClock "0:00:07"]
[BlackClock "0:00:11"]

1. e4 c6 2. Nf3 d5 3. e5 Bf5 4. Nh4 Bc8 5. d4 c5 6. c3 Nc6 7. Be3 e6 8. Nf3 cxd4 9. cxd4 Nge7 10. Bd3 Nf5 11. Bxf5 exf5 12. O-O Be7 13. Nc3 O-O 14. Ne1 Be6 15. Nd3 Rc8 16. Rc1 Qd7 17. Nf4 g5 18. Nxe6 fxe6 19. f4 g4 20. h3 h5 21. hxg4 hxg4 22. Kf2 Kg7 23. Rh1 Rh8 24. Qa4 Rxh1 25. Rxh1 Rh8 26. Rxh8 Kxh8 27. g3 Kg7 28. Ke1 Kf7 29. Kd2 Bb4 30. Qd1 Qc7 31. Qh1 Kg7 32. Qh5 Qf7 33. Qh1 a6 34. Kd3 Bxc3 35. bxc3 Qc7 36. Qh5 Qf7 37. Qh4 Qe7 38. Qh1 Kg6 39. Qh8 Qg7 40. Qc8 Qf7 41. Bc1 Na5 42. Ba3 Nc4 43. Bd6 Nb6 44. Qd8 Nc4 45. Bf8 Kh7 46. Be7 Nb2+ 47. Kc2 Nc4 48. Bf6 Kg6 49. a4 Qh7 50. Bh4 Qf7 51. Bg5 Qg7 52. Bf6 Qf7 53. Bh8 Kh7 54. Bf6 Kg6 55. Kb3 Nd2+ 56. Ka2 Nc4 57. Be7 Nd2 58. Bb4 Ne4 59. a5 Nxg3 60. Qg5+ Kh7 61. Qh4+ Nh5 62. c4 dxc4 63. d5 exd5 64. e6 Qxe6 65. Qxh5+ Kg7 66. Bc3+ Kf8 67. Qh8+ Ke7 68. Qg7+ Kd6 69. Be5+ Kc5 70. Qf8+ Kb5 71. Ka3 d4 72. Qb4+ Kc6 73. Qb6+ Kd5 74. Qxd4+ Kc6 75. Qb6+ Kd5 76. Qxb7+ Qc6 77. Qxc6+ Kxc6 78. Kb4 Kd5 79. Kc3 g3 80. Bd4 Ke4 81. Kxc4 Kxf4 82. Kc5 Ke4 83. Bg1 f4 84. Kb6 f3 85. Kxa6 f2 86. Bxf2 gxf2 87. Kb7 f1=Q 88. a6 Qb5+ 0-1


[Site "https://www.chess.com"]

[Event "Titled Tuesday Blitz May 9 Early 2023"]
[White "Morefield, Jason"]
[Black "Bok, Benjamin"]
[WhiteFideId "30920825"]
[BlackFideId "1017063"]
[WhiteElo "2171"]
[BlackElo "2657"]
[Result "0-1"]
[Round "04"]
[TimeControl "180+2"]
[Date "2023.05.09"]
[WhiteClock "0:00:00"]
[BlackClock "0:00:07"]

1. d4 Nf6 2. c4 e6 3. Nf3 b6 4. g3 Ba6 5. b3 Bb4+ 6. Bd2 Be7 7. Bg2 O-O 8. O-O d5 9. Qc2 c5 10. dxc5 bxc5 11. Rd1 Nc6 12. cxd5 exd5 13. Bg5 Nb4 14. Qb2 h6 15. Bf4 d4 16. Ne5 Rc8 17. a3 Nbd5 18. b4 Nxf4 19. gxf4 Qb6 20. Bf3 Rfd8 21. Nd2 c4 22. Ne4 Nxe4 23. Bxe4 Bf6 24. a4 c3 25. Qc2 Bxe5 26. fxe5 Qxb4 27. Rab1 Qc5 28. Bf5 Rb8 29. e6 fxe6 30. Bxe6+ Kh8 31. Bh3 Qe5 32. Rxb8 Rxb8 33. Bf1 Rb2 34. Qg6 Bxe2 35. Bxe2 Rxe2 0-1


[Site "https://www.chess.com"]

[Event "Titled Tuesday Blitz May 9 Early 2023"]
[White "Terry, Renato"]
[Black "Yuan, Qingyu"]
[WhiteFideId "3803457"]
[BlackFideId "8609772"]
[WhiteElo "2575"]
[BlackElo "2359"]
[Result "1-0"]
[Round "04"]
[TimeControl "180+2"]
[Date "2023.05.09"]
[WhiteClock "0:00:07"]
[BlackClock "0:00:02"]

1. Nf3 c5 2. e3 Nf6 3. b3 b6 4. Bb2 e6 5. g3 Bb7 6. Bg2 Be7 7. O-O O-O 8. d3 d5 9. Nbd2 Nbd7 10. Re1 Qc7 11. e4 dxe4 12. dxe4 Rad8 13. Qe2 Rfe8 14. a3 Nb8 15. e5 Nfd7 16. Rad1 Nf8 17. h4 Rd7 18. Ne4 Red8 19. Nd6 Ba8 20. Rd3 Nc6 21. Nb5 Qb8 22. Rxd7 Rxd7 23. a4 Nb4 24. Bc3 Qd8 25. Na3 Na2 26. Bb2 Nb4 27. Nc4 Bb7 28. Bc3 h6 29. h5 Nh7 30. Ne3 Ba6 31. Nc4 Bb7 32. Ne3 Be4 33. Bxb4 cxb4 34. Nc4 Bb7 35. Nfd2 Bxg2 36. Kxg2 Bc5 37. Ne4 Qa8 38. Qf3 Qd5 39. Ned6 Ng5 40. Qxd5 exd5 41. Ne3 Bxd6 42. exd6 Rxd6 43. Rd1 d4 44. Nf5 Rd7 45. Rxd4 Rc7 46. Ne3 Ne6 47. Rxb4 Kf8 48. Re4 Ke8 49. b4 Rc3 50. f4 Kd7 51. Kf2 Ra3 52. b5 Nc5 53. Rd4+ Ke6 54. Rd8 Rxa4 55. Kf3 g6 56. Re8+ Kd7 57. Rh8 gxh5 58. Rxh6 Rb4 59. c4 Rb3 60. Rxh5 Nd3 61. Ke2 Nb2 62. Rd5+ Ke6 63. Re5+ Kd7 64. Rf5 Ke8 65. Re5+ Kd7 66. g4 Rc3 67. Kd2 Ra3 68. Kc2 Na4 69. g5 Rc3+ 70. Kd2 Rb3 71. Rd5+ Ke8 72. Re5+ Kf8 73. Nd5 Nc5 74. Nf6 Rd3+ 75. Ke2 Rd8 76. Ke3 Kg7 77. Nd5 Kg6 78. Re7 Rh8 79. Rxa7 Rh3+ 80. Ke2 Kf5 81. Rxf7+ Ke4 82. Re7+ Kd4 83. Nxb6 Ne4 84. Rd7+ Kc5 85. Rb7 Kd4 86. Rd7+ Kc5 87. Nd5 Kxc4 88. b6 Nc5 89. Rd8 Ne6 90. Rd6 Nd4+ 91. Kf2 Nf5 92. b7 Nxd6 93. b8=Q Ne4+ 94. Kg2 Rg3+ 95. Kh2 Kxd5 96. Qe5+ Kc4 97. Qxe4+ Kc3 98. Kxg3 1-0


[Site "https://www.chess.com"]

[Event "Titled Tuesday Blitz May 9 Early 2023"]
[White "Papadiamandis, Elliot"]
[Black "Sargsyan, Shant"]
[WhiteFideId "36074160"]
[BlackFideId "13306766"]
[WhiteElo "2219"]
[BlackElo "2628"]
[Result "0-1"]
[Round "04"]
[TimeControl "180+2"]
[Date "2023.05.09"]
[WhiteClock "0:00:14"]
[BlackClock "0:00:52"]

1. e4 g6 2. d4 Nf6 3. e5 Nh5 4. Be2 d6 5. Bxh5 gxh5 6. Qxh5 dxe5 7. Nf3 exd4 8. O-O Nc6 9. Re1 Qd6 10. Nbd2 Qg6 11. Qb5 Rg8 12. g3 a6 13. Qb3 b5 14. Qd5 Qd6 15. Qh5 Bg4 16. Qh4 h5 17. Ne4 Qg6 18. Nf6+ Kd8 19. Nxg8 Bxf3 20. Bf4 Qxg8 21. Bxc7+ Kc8 22. Qf4 Qg4 23. Qxf7 Kxc7 24. h3 Qxh3 25. Qxf3 Qg4 26. Qf7 h4 27. Kg2 Rd8 28. Re6 hxg3 29. fxg3 d3 30. cxd3 Rxd3 31. Rc1 Qxg3+ 32. Kh1 Qh3+ 33. Kg1 Rg3+ 34. Kf2 Qh2+ 35. Ke1 Rg1+ 36. Qf1 Rxf1+ 37. Kxf1 Qh3+ 38. Kf2 Qxe6 0-1


[Site "https://www.chess.com"]

[Event "Titled Tuesday Blitz May 9 Early 2023"]
[White "Karthik Rajaa"]
[Black "demon64fields"]
[WhiteFideId "25035215"]
[WhiteElo "2215"]
[BlackElo "2896"]
[Result "1/2-1/2"]
[Round "04"]
[TimeControl "180+2"]
[Date "2023.05.09"]
[WhiteClock "0:00:11"]
[BlackClock "0:00:11"]

1. Nf3 g6 2. d4 Bg7 3. e4 c6 4. Nc3 d5 5. e5 Bg4 6. h3 Bxf3 7. Qxf3 e6 8. Nd1 c5 9. Bb5+ Nc6 10. c3 Ne7 11. O-O O-O 12. dxc5 Nxe5 13. Qe2 a6 14. Ba4 Rc8 15. Bf4 f6 16. b4 b6 17. cxb6 Qxb6 18. Be3 Qd6 19. Bc5 Rxc5 20. bxc5 Qxc5 21. Qxa6 Kf7 22. Rb1 Qc4 23. Qxc4 Nxc4 24. Rb7 Ra8 25. Bb3 Nd6 26. Rd7 Ra6 27. Rc7 f5 28. c4 dxc4 29. Bxc4 Nxc4 30. Rxc4 Rxa2 31. Ne3 Bh6 32. Re1 Kf6 33. Nc2 Ra6 34. Nb4 Rd6 35. Ra1 Bd2 36. Nc2 Bh6 37. Nd4 e5 38. Nb5 Rb6 39. Nc7 e4 40. Ra6 Rxa6 41. Nxa6 Bf4 42. Nc5 h5 43. Ra4 h4 44. Ra6+ Kf7 45. Ra7 Kf6 46. Nd7+ Kf7 47. Nb6 Ke6 48. Rxe7+ Kxe7 49. Nd5+ Ke6 50. Nxf4+ Kf6 51. Kf1 g5 52. Nd5+ Ke5 53. Nb6 Kd4 54. Ke2 Ke5 55. Nd7+ Ke6 56. Nc5+ Kd5 57. Nb3 Ke5 58. Ke3 Kd5 59. g3 hxg3 60. fxg3 Ke5 61. Ke2 f4 62. gxf4+ gxf4 63. Nd2 Kf5 64. Kf2 e3+ 65. Ke2 exd2 66. Kxd2 Ke4 67. Ke2 f3+ 68. Kf2 Kf4 69. h4 Kg4 70. h5 Kxh5 71. Kxf3 1/2-1/2


[Site "https://www.chess.com"]

[Event "Titled Tuesday Blitz May 9 Early 2023"]
[White "Kamsky, Gata"]
[Black "Prohaszka, Peter"]
[WhiteFideId "2000024"]
[BlackFideId "726265"]
[WhiteElo "2660"]
[BlackElo "2626"]
[Result "1-0"]
[Round "04"]
[TimeControl "180+2"]
[Date "2023.05.09"]
[WhiteClock "0:00:36"]
[BlackClock "0:00:00"]

1. e4 c6 2. d3 d5 3. Nf3 dxe4 4. dxe4 Qxd1+ 5. Kxd1 Nf6 6. Nfd2 g6 7. a4 Bh6 8. f3 Be6 9. Bc4 Bxc4 10. Nxc4 Bxc1 11. Kxc1 Nbd7 12. Kd2 O-O-O 13. Ke3 Kc7 14. a5 Ne8 15. Nbd2 Nd6 16. h4 h6 17. Rhd1 Rhf8 18. Ke2 f5 19. e5 Nxc4 20. Nxc4 Nc5 21. g3 Ne6 22. c3 g5 23. hxg5 hxg5 24. Rxd8 Rxd8 25. Rh1 Rd5 26. Rh7 Kd7 27. Rh8 f4 28. g4 Rc5 29. Kd3 Rd5+ 30. Kc2 Rc5 31. b3 Rb5 32. Ra8 Nc5 33. b4 Ne6 34. Rxa7 Nc7 35. Nb6+ Ke6 36. Rxb7 Na6 37. Ra7 Nxb4+ 38. cxb4 Rxb4 39. Kc3 Rb1 40. Nc4 Kd5 41. a6 Rc1+ 42. Kb3 Rb1+ 43. Nb2 1-0


[Site "https://www.chess.com"]

[Event "Titled Tuesday Blitz May 9 Early 2023"]
[White "Galchenko, Matvey"]
[Black "Tisaj, Domen"]
[WhiteFideId "24175480"]
[BlackFideId "14628708"]
[WhiteElo "2423"]
[BlackElo "2340"]
[Result "1-0"]
[Round "04"]
[TimeControl "180+2"]
[Date "2023.05.09"]
[WhiteClock "0:00:03"]
[BlackClock "0:00:05"]

1. f4 d5 2. Nf3 Nf6 3. g3 c6 4. Bg2 Qb6 5. d4 g6 6. O-O Bg7 7. c4 O-O 8. Nc3 Bf5 9. Ne5 Ne4 10. cxd5 Nxc3 11. bxc3 cxd5 12. Bxd5 Nc6 13. e3 Rac8 14. Nxc6 bxc6 15. Bg2 c5 16. Qb3 Qa5 17. Qa3 Qc7 18. e4 Bg4 19. e5 f6 20. Be3 Rfd8 21. Rfe1 Bf5 22. Rac1 h5 23. exf6 Bxf6 24. Qxc5 Qxc5 25. dxc5 Rd3 26. Bf2 Rc7 27. c4 Ra3 28. Re2 Kf7 29. Bd5+ e6 30. Bg2 Be7 31. c6 Rd3 32. Rb2 Ba3 33. Rb7 Bxc1 34. Rxc7+ Kf6 35. Rd7 Rxd7 36. cxd7 Ke7 37. Bc6 Ba3 38. Bxa7 e5 39. fxe5 Kd8 40. Bb6+ 1-0


[Site "https://www.chess.com"]

[Event "Titled Tuesday Blitz May 9 Early 2023"]
[White "Gharibyan, Mamikon"]
[Black "Simonian, Hrair"]
[WhiteFideId "13308300"]
[BlackFideId "13302337"]
[WhiteElo "2445"]
[BlackElo "2447"]
[Result "0-1"]
[Round "04"]
[TimeControl "180+2"]
[Date "2023.05.09"]
[WhiteClock "0:00:00"]
[BlackClock "0:00:21"]

1. Nf3 Nf6 2. g3 d5 3. Bg2 e6 4. O-O Be7 5. d4 O-O 6. a3 b6 7. c4 Bb7 8. cxd5 exd5 9. Nc3 Nbd7 10. Bf4 c6 11. b4 Re8 12. Qb3 Nf8 13. Be5 Ne6 14. Rfd1 a5 15. Rac1 axb4 16. axb4 b5 17. Bxf6 Bxf6 18. e4 Qb6 19. e5 Be7 20. h4 Ra7 21. Bh3 Bc8 22. Kg2 Bd7 23. h5 h6 24. Qb1 Rea8 25. Bf5 Ra1 26. Qd3 Rxc1 27. Rxc1 Bxb4 28. Ne2 Ra3 29. Qb1 Be7 30. Bh7+ Kh8 31. Bf5 b4 32. Bxe6 Bxe6 33. Nf4 Bg4 34. Nh2 Bd7 35. e6 Bxe6 36. Nxe6 fxe6 37. Qg6 Ra8 38. Ng4 Qxd4 39. Qxe6 Qe4+ 40. Qxe4 dxe4 41. Rxc6 Rb8 42. Ne3 b3 43. Nd1 b2 44. Nxb2 Rxb2 45. Re6 Bc5 46. Rxe4 Rxf2+ 47. Kh3 Rf5 48. Kg4 Rg5+ 49. Kh4 Bf2 50. Re8+ Kh7 51. Kh3 Rxg3+ 52. Kh2 Rg5 0-1


[Site "https://www.chess.com"]

[Event "Titled Tuesday Blitz May 9 Early 2023"]
[White "Ivic, Velimir"]
[Black "ArtemDyachuk"]
[WhiteFideId "950122"]
[WhiteElo "2563"]
[BlackElo "2549"]
[Result "1-0"]
[Round "04"]
[TimeControl "180+2"]
[Date "2023.05.09"]
[WhiteClock "0:00:51"]
[BlackClock "0:00:03"]

1. e4 c6 2. Nc3 d5 3. Nf3 Nf6 4. e5 Ne4 5. Ne2 Qb6 6. d4 e6 7. Ng3 c5 8. Bd3 Nxg3 9. fxg3 cxd4 10. O-O h6 11. a3 Nc6 12. b4 Qc7 13. Qe2 Bd7 14. Kh1 Be7 15. g4 O-O-O 16. Bf4 a6 17. Rac1 Kb8 18. c3 dxc3 19. Rxc3 Nd4 20. Qb2 Nc6 21. a4 Qb6 22. b5 Nb4 23. bxa6 Ka7 24. Be2 Nxa6 25. Be3 Bc5 26. Rb3 Bxe3 27. Rxb6 Bxb6 28. Rb1 Rb8 29. Qxb6+ Ka8 30. Bxa6 Bc6 31. Bb5 Rhc8 32. Qa5# 1-0


[Site "https://www.chess.com"]

[Event "Titled Tuesday Blitz May 9 Early 2023"]
[White "Lorenzo De La Riva, Lazaro"]
[Black "Sieciechowicz, Marcin"]
[WhiteFideId "2268809"]
[BlackFideId "1130170"]
[WhiteElo "2294"]
[BlackElo "2302"]
[Result "1/2-1/2"]
[Round "04"]
[TimeControl "180+2"]
[Date "2023.05.09"]
[WhiteClock "0:00:02"]
[BlackClock "0:00:05"]

1. e4 e6 2. d4 d5 3. Nc3 Bb4 4. e5 c5 5. a3 Bxc3+ 6. bxc3 Qa5 7. Bd2 Qa4 8. Qg4 Kf8 9. Nf3 Nc6 10. Qf4 Qxc2 11. dxc5 b6 12. cxb6 axb6 13. Be2 Qe4 14. c4 Qxf4 15. Bxf4 dxc4 16. Bxc4 Ba6 17. Bxa6 Rxa6 18. O-O Nge7 19. Rfc1 h6 20. Be3 g5 21. Rab1 Kg7 22. Rxb6 Rxa3 23. h3 Rc8 24. Bc5 Raa8 25. Bd6 Ra7 26. g4 Nd8 27. Rd1 Nd5 28. Rb3 Rb7 29. Rxb7 Nxb7 30. Kg2 Nxd6 31. exd6 Rd8 32. Kg3 Rxd6 33. h4 f6 34. h5 Ra6 35. Re1 Kf7 36. Nd4 Ra3+ 37. Kg2 Nf4+ 38. Kf1 e5 39. Nf5 Rh3 40. Ng3 Ke6 41. Rb1 Rh2 42. Rb6+ Kd5 43. Rxf6 e4 44. Kg1 Rg2+ 45. Kf1 Rh2 46. Kg1 Rg2+ 47. Kf1 Rh2 1/2-1/2


[Site "https://www.chess.com"]

[Event "Titled Tuesday Blitz May 9 Early 2023"]
[White "Smith, Shreyas"]
[Black "Seo, Jung Min"]
[WhiteFideId "7400713"]
[BlackFideId "1734687"]
[WhiteElo "2151"]
[BlackElo "2468"]
[Result "0-1"]
[Round "04"]
[TimeControl "180+2"]
[Date "2023.05.09"]
[WhiteClock "0:00:09"]
[BlackClock "0:01:44"]

1. e4 d6 2. d4 Nf6 3. Nc3 g6 4. f4 Bg7 5. Nf3 O-O 6. Bd3 Na6 7. O-O c5 8. dxc5 Nxc5 9. h3 Bd7 10. Be3 Rc8 11. Qe2 a6 12. a4 Qa5 13. e5 dxe5 14. fxe5 Nh5 15. Qf2 Nxd3 16. cxd3 f5 17. Bb6 Qb4 18. Nd5 Qb3 19. Nxe7+ Kh8 20. Nxc8 Rxc8 21. Rfc1 Re8 22. Rc3 Qd5 23. Qd4 Qe6 24. Rc7 Bc6 25. Ng5 Qb3 26. Qc4 Qxb6+ 27. d4 Qxc7 28. Nf7+ Kg8 29. Nd6+ Kf8 30. Nxe8 Kxe8 31. d5 Qb6+ 32. Kh1 Ng3+ 33. Kh2 Bxe5 34. Re1 Ne4+ 35. Kh1 Nf2+ 36. Kg1 Nxh3+ 37. Kh1 Qg1+ 38. Rxg1 Nf2# 0-1


[Site "https://www.chess.com"]

[Event "Titled Tuesday Blitz May 9 Early 2023"]
[White "Nikologorskiy, Konstantin"]
[Black "Kollars, Dmitrij"]
[WhiteFideId "24111708"]
[BlackFideId "12909572"]
[WhiteElo "2273"]
[BlackElo "2584"]
[Result "0-1"]
[Round "04"]
[TimeControl "180+2"]
[Date "2023.05.09"]
[WhiteClock "0:02:02"]
[BlackClock "0:02:46"]

1. d4 Nf6 2. c4 g6 3. Nc3 Bg7 4. Nf3 O-O 5. e4 d6 6. Be2 e5 7. O-O exd4 8. Nxd4 Re8 9. f3 c6 10. Kh1 Nbd7 11. Bg5 Qb6 12. Nb3 a5 13. Na4 Qb4 14. Nc1 Nc5 15. Nxc5 Qxc5 16. Nb3 Qxg5 0-1


[Site "https://www.chess.com"]

[Event "Titled Tuesday Blitz May 9 Early 2023"]
[White "Kozak, Adam"]
[Black "Kleiman, Jake"]
[WhiteFideId "753246"]
[BlackFideId "2020041"]
[WhiteElo "2469"]
[BlackElo "2582"]
[Result "0-1"]
[Round "04"]
[TimeControl "180+2"]
[Date "2023.05.09"]
[WhiteClock "0:00:11"]
[BlackClock "0:00:18"]

1. c4 e6 2. Nc3 Nf6 3. d4 Bb4 4. e3 O-O 5. Bd3 d5 6. a3 Bxc3+ 7. bxc3 c5 8. cxd5 exd5 9. Ne2 b6 10. O-O Ba6 11. dxc5 bxc5 12. Bxa6 Nxa6 13. c4 Rb8 14. Qc2 Qb6 15. Ra2 Qb3 16. Qxb3 Rxb3 17. cxd5 Nxd5 18. Rc2 Rfb8 19. Rd1 Nf6 20. f3 Kf8 21. e4 Ke8 22. Nc3 h6 23. Na4 Nd7 24. Rd6 Nb6 25. Nxc5 Rc8 26. Nxb3 Rxc2 27. Bf4 g5 28. Be5 Nc4 29. Rxa6 Nxe5 30. Nd4 Ra2 31. Nf5 g4 32. f4 Nd3 33. g3 Ra1+ 34. Kg2 Ra2+ 35. Kf1 Rxh2 36. Rxa7 Rf2+ 37. Kg1 h5 38. e5 Re2 39. Nd6+ Kf8 40. Ra8+ Ke7 41. Nf5+ Kd7 42. Ra7+ Kc8 43. Nd4 Rd2 44. Nf5 Nf2 45. Kf1 Ne4 46. Nd6+ Nxd6 47. exd6 f5 48. d7+ Rxd7 49. Rxd7 Kxd7 50. Ke2 Kc6 51. Ke3 Kb5 52. Kd4 Ka4 53. Ke5 h4 54. gxh4 g3 55. h5 g2 56. h6 g1=Q 57. Kxf5 Qg8 58. Kf6 Qh7 59. f5 Qxh6+ 60. Ke7 Qg7+ 61. Ke6 Qf8 62. f6 Kxa3 63. f7 Kb4 64. Kf6 Kc5 65. Kg6 Kd6 66. Kf6 Kd7 67. Kg6 Ke6 68. Kh7 Qxf7+ 69. Kh8 Qf6+ 70. Kg8 Qe7 71. Kh8 Kf6 72. Kg8 Kg6 73. Kh8 Qd7 74. Kg8 Qc7 75. Kf8 Qf7# 0-1


[Site "https://www.chess.com"]

[Event "Titled Tuesday Blitz May 9 Early 2023"]
[White "Adhiban, B."]
[Black "Bruedigam, Martin"]
[WhiteFideId "5018471"]
[BlackFideId "24608033"]
[WhiteElo "2587"]
[BlackElo "2331"]
[Result "1-0"]
[Round "04"]
[TimeControl "180+2"]
[Date "2023.05.09"]
[WhiteClock "0:01:08"]
[BlackClock "0:00:09"]

1. b3 e5 2. Bb2 Nc6 3. e3 Nf6 4. Nf3 d6 5. d4 e4 6. d5 exf3 7. dxc6 fxg2 8. Bxg2 b6 9. Nc3 Be7 10. Qd4 Be6 11. Rg1 Ng4 12. Nd5 Bf6 13. Nxf6+ Qxf6 14. Qxf6 Nxf6 15. Bf3 Kf8 16. a4 a5 17. Ke2 Rg8 18. Rg3 Bd5 19. Bxf6 Bxf3+ 20. Rxf3 gxf6 21. Rxf6 Rg6 22. Rf5 Rh6 23. Rh1 Ke7 24. h4 Rg8 25. Kf3 Rf6 26. Rxf6 Kxf6 27. Rd1 Ke6 28. e4 Rg6 29. Rd5 h6 30. Rf5 Rf6 31. Rxf6+ Kxf6 32. Kg4 Kg6 33. h5+ Kf6 34. Kf4 Ke6 35. c3 Kf6 36. b4 Ke6 37. Ke3 d5 38. bxa5 bxa5 39. Kd4 dxe4 40. Kxe4 Kd6 41. Kf5 Kxc6 42. Kf6 Kc5 43. Kxf7 Kc4 44. f4 Kb3 45. f5 Kxa4 46. f6 Kb3 47. Kg6 a4 48. f7 a3 49. f8=Q a2 50. Qb4+ Kc2 51. Qa4+ Kb2 52. Kxh6 a1=Q 53. Qxa1+ Kxa1 54. Kg6 1-0


[Site "https://www.chess.com"]

[Event "Titled Tuesday Blitz May 9 Early 2023"]
[White "Sousa, Andre Ventura"]
[Black "Remizov, Yaroslav"]
[WhiteFideId "1917617"]
[BlackFideId "34134015"]
[WhiteElo "2333"]
[BlackElo "2400"]
[Result "1-0"]
[Round "04"]
[TimeControl "180+2"]
[Date "2023.05.09"]
[WhiteClock "0:00:16"]
[BlackClock "0:00:00"]

1. e4 c6 2. d4 d5 3. Nd2 dxe4 4. Nxe4 Nf6 5. Nxf6+ exf6 6. Be3 Bd6 7. Bd3 O-O 8. Ne2 Re8 9. O-O Nd7 10. c4 Nf8 11. Ng3 Ng6 12. Qh5 Be6 13. Rad1 Qd7 14. Nf5 Rad8 15. g3 Bc7 16. h4 b5 17. cxb5 cxb5 18. Bxb5 Qc8 19. Bxe8 Bxf5 20. Ba4 Bg4 21. Qc5 Bf3 22. Bc6 Bb6 23. Bxf3 Bxc5 24. dxc5 Re8 25. Rc1 Ne5 26. Bg2 Nd3 27. Rc2 Nb4 28. Rc4 Nc6 29. Rd1 h5 30. b4 Qa6 31. Rdc1 Rb8 32. a3 Rd8 33. R4c3 Qb5 34. Bf1 Qb7 35. b5 Ne5 36. c6 Qc7 37. Bg2 Rb8 38. Rb1 Qa5 39. Rb4 Rc8 40. b6 axb6 41. Bxb6 Qa6 42. c7 Qe2 43. Rc1 Qd2 44. Be3 1-0


[Site "https://www.chess.com"]

[Event "Titled Tuesday Blitz May 9 Early 2023"]
[White "Tang, Andrew"]
[Black "Hnydiuk, Aleksander"]
[WhiteFideId "2059630"]
[BlackFideId "1109057"]
[WhiteElo "2596"]
[BlackElo "2374"]
[Result "1-0"]
[Round "04"]
[TimeControl "180+2"]
[Date "2023.05.09"]
[WhiteClock "0:00:08"]
[BlackClock "0:00:00"]

1. d4 Nf6 2. c4 c5 3. d5 b5 4. cxb5 a6 5. e3 axb5 6. Bxb5 Qa5+ 7. Nc3 Bb7 8. Bd2 Qb6 9. Nf3 Nxd5 10. a4 e6 11. Nxd5 Bxd5 12. Bc3 Be7 13. O-O O-O 14. Ne5 d6 15. Nc4 Bxc4 16. Bxc4 Nd7 17. Bb5 Rfd8 18. Qf3 d5 19. e4 d4 20. Bd2 c4 21. Rfc1 Rac8 22. Bf4 e5 23. Bd2 Qe6 24. a5 Rc5 25. Ba4 Ra8 26. h3 Rc7 27. Qe2 h6 28. Bb5 Rac8 29. a6 d3 30. Qd1 Qb6 31. Qa4 Nc5 32. Qxc4 Nxa6 33. Qxd3 Rxc1+ 34. Rxc1 Rxc1+ 35. Bxc1 Nc5 36. Qc4 Nxe4 37. Be3 Qb8 38. Qd5 Nd6 39. Qxe5 Qxb5 40. Qxe7 Nf5 41. Qd8+ Kh7 42. Qd2 Nxe3 43. fxe3 Qb3 44. Qc3 Qd1+ 45. Kf2 f5 46. b4 Qd5 47. Qc5 Qa2+ 48. Kg3 Qa3 49. Qxf5+ Kh8 50. Qc5 Kh7 51. Qd4 Kh8 52. b5 Qe7 53. b6 Qg5+ 54. Kh2 1-0


[Site "https://www.chess.com"]

[Event "Titled Tuesday Blitz May 9 Early 2023"]
[White "Pajeken, Jakob Leon"]
[Black "Matlakov, Maxim"]
[WhiteFideId "12942839"]
[BlackFideId "4168003"]
[WhiteElo "2405"]
[BlackElo "2666"]
[Result "0-1"]
[Round "04"]
[TimeControl "180+2"]
[Date "2023.05.09"]
[WhiteClock "0:00:15"]
[BlackClock "0:00:27"]

1. d4 d5 2. c4 c6 3. Nc3 dxc4 4. e3 b5 5. a4 b4 6. Nce2 e6 7. Ng3 Ba6 8. Qc2 Qd5 9. Nf3 Nf6 10. e4 Qa5 11. Bd2 c5 12. Bxc4 cxd4 13. O-O Nbd7 14. Nxd4 Rc8 15. Nb5 Bb7 16. Qb3 Nc5 17. Qxb4 Qxb4 18. Bxb4 a6 19. Nc3 h5 20. f3 h4 21. Nh1 h3 22. g3 Ncxe4 23. Bxf8 Kxf8 24. Bxe6 fxe6 25. fxe4 Ke7 26. Nf2 Rh5 27. Rfd1 Nd7 28. Rd4 Ne5 29. Kf1 a5 30. Ke2 Ba6+ 31. Ke3 Nc4+ 32. Kf3 Rf8+ 33. Kg4 g6 34. Nxh3 Ne5# 0-1


[Site "https://www.chess.com"]

[Event "Titled Tuesday Blitz May 9 Early 2023"]
[White "SashaKuzhilniy"]
[Black "Ter-Sahakyan, Samvel"]
[BlackFideId "13302531"]
[WhiteElo "2577"]
[BlackElo "2545"]
[Result "0-1"]
[Round "04"]
[TimeControl "180+2"]
[Date "2023.05.09"]
[WhiteClock "0:00:02"]
[BlackClock "0:00:07"]

1. b3 d5 2. Bb2 Bf5 3. d3 e6 4. Nd2 Nf6 5. g3 h6 6. Bg2 c6 7. e4 Bh7 8. Qe2 Be7 9. f4 a5 10. a4 Na6 11. Ngf3 Nb4 12. Rc1 O-O 13. O-O b5 14. c3 Na6 15. e5 Nd7 16. d4 bxa4 17. bxa4 Nb6 18. Ra1 c5 19. g4 cxd4 20. cxd4 Nb4 21. Ne1 Qd7 22. f5 exf5 23. gxf5 Bxf5 24. Nb3 Nc4 25. Bc3 Rac8 26. Bxb4 Bxb4 27. Nd3 Bxd3 28. Qxd3 Qg4 29. Rf2 Nb6 30. Qb5 Rc3 31. Nxa5 Bxa5 32. Qxa5 Qxd4 33. Rf1 Rc2 34. Qe1 Rxf2 35. Qxf2 Qxf2+ 36. Kxf2 Nxa4 37. Bxd5 Nc5 38. Ke3 Ne6 39. Bxe6 fxe6 40. Rg1 Rf5 41. Ke4 Kf7 42. Rg2 g5 43. Ra2 Rf4+ 44. Ke3 Kg6 45. Ra8 Kf5 46. Rh8 Rh4 47. Kf3 Rxh2 48. Kg3 Rh4 49. Kg2 Kxe5 50. Kf3 h5 51. Rg8 Rh3+ 52. Kg2 g4 53. Rg5+ Kf4 54. Rg8 e5 55. Rf8+ Ke4 56. Re8 Rf3 57. Rh8 Rf5 58. Kg3 Ke3 59. Re8 e4 60. Rd8 Re5 61. Kg2 h4 62. Rh8 Kd2 63. Rxh4 e3 64. Rh5 Rxh5 0-1


[Site "https://www.chess.com"]

[Event "Titled Tuesday Blitz May 9 Early 2023"]
[White "Chigaev, Maksim"]
[Black "Maurizzi, Marc`Andria"]
[WhiteFideId "4108116"]
[BlackFideId "36083534"]
[WhiteElo "2558"]
[BlackElo "2421"]
[Result "1/2-1/2"]
[Round "04"]
[TimeControl "180+2"]
[Date "2023.05.09"]
[WhiteClock "0:00:07"]
[BlackClock "0:00:33"]

1. Nf3 d5 2. g3 Nd7 3. Bg2 e5 4. O-O Ngf6 5. d4 e4 6. Ne5 Bd6 7. Nxd7 Bxd7 8. c4 h6 9. cxd5 O-O 10. Nc3 Re8 11. Qb3 b5 12. a4 b4 13. Nb5 Bf8 14. Bf4 Bxb5 15. axb5 Nxd5 16. Be5 Nf6 17. Ra6 Bd6 18. Bxd6 cxd6 19. Rfa1 Rb8 20. Rxa7 d5 21. Qxb4 Qb6 22. R7a5 e3 23. fxe3 Rxe3 24. Bf3 Ree8 25. R1a3 Qe6 26. Ra6 Qh3 27. Rxf6 gxf6 28. b6 Qe6 29. b7 Qd7 30. Rb3 Re7 31. Qc5 Rxb7 32. Rxb7 Qxb7 33. Bxd5 Qxb2 34. Qxe7 Qxd4+ 35. e3 Qd1+ 36. Kf2 Qd2+ 37. Kg1 Qd1+ 38. Kf2 1/2-1/2


[Site "https://www.chess.com"]

[Event "Titled Tuesday Blitz May 9 Early 2023"]
[White "Pranesh M"]
[Black "Taboas Rodriguez, Daniel"]
[WhiteFideId "35028600"]
[BlackFideId "2208466"]
[WhiteElo "2437"]
[BlackElo "2365"]
[Result "1-0"]
[Round "04"]
[TimeControl "180+2"]
[Date "2023.05.09"]
[WhiteClock "0:01:28"]
[BlackClock "0:01:03"]

1. e4 e5 2. Nf3 Nc6 3. Bc4 Nf6 4. Ng5 d5 5. exd5 Na5 6. Bb5+ Bd7 7. Qe2 Be7 8. Nf3 e4 9. Ne5 c6 10. dxc6 bxc6 11. Nxd7 Qxd7 12. Ba4 O-O 13. O-O Bd6 14. h3 Rfe8 15. a3 Bc7 16. b4 Nb7 17. Bb2 Qd6 18. g3 Qe6 19. Kg2 Nh5 20. Qxh5 Nd6 21. Bb3 Qe7 22. Nc3 g6 23. Qe2 Kf8 24. Rae1 f5 25. f3 Qg5 26. Qe3 Qh5 27. fxe4 Re7 28. Qd4 Nf7 29. Bxf7 Kxf7 30. exf5 Rxe1 31. fxg6+ Kg8 32. Qc4+ Kg7 33. Qf7+ Kh6 34. Qxh7+ Kg5 35. Ne4+ Rxe4 36. Bf6# 1-0


[Site "https://www.chess.com"]